CAL (WIN)
CLEARWATER THRESHERS @ WILMINGTON BLUE ROCKS
12/11/2044
 
TOP OF THE 1ST
Clearwater Threshers batting - Pitching for Wilmington Blue Rocks : RHP Andrew Tipton
Pitching: RHP Andrew Tipton
Batting: LHB Osamu Kubo 0-0: Foul Ball, location: 2F
0-1: Fly out, F9 (Line Drive, 9D, EV 94.4 MPH)
Batting: RHB Alberto Ramirez 0-0: Called Strike
0-1: Ground out 4-3 (Groundball, 34, EV 83.1 MPH)
Batting: RHB Josh Hensley 0-0: Called Strike
0-1: Foul Ball, location: 2F
0-2: SINGLE (Line Drive, 4D, EV 102.5 MPH)
Batting: RHB Chris Pounds 0-0: Called Strike
0-1: Ball
1-1: Ball
Wild Pitch!
Josh Hensley to second
2-1: Foul Ball, location: 2F
2-2: Ground out 6-3 (Groundball, 6S, EV 66.9 MPH)
Top of the 1st over - 0 runs, 1 hit, 0 errors, 1 left on base; Clearwater 0 - Wilmington 0
BOTTOM OF THE 1ST
Wilmington Blue Rocks batting - Pitching for Clearwater Threshers : LHP Phuck II
Pitching: LHP Phuck II
Batting: RHB Yi-lin Niu 0-0: Called Strike
0-1: Foul Ball, location: 2F
0-2: Foul Ball, location: 2F
0-2: Ball
1-2: Ball
2-2: Fly out, F3 (Popup, 3L, EV 65.6 MPH)
Batting: RHB Justin Bonner 0-0: Called Strike
0-1: Ball
1-1: Ball
2-1: Ball
3-1: Swinging Strike
3-2: Base on Balls
Batting: RHB Taisei Fujii 0-0: Ball
Pickoff Throw by Catcher to First - Out!
1-0: Called Strike
1-1: Called Strike
1-2: Ball
2-2: Ball
3-2: Ground out 6-3 (Groundball, 6, EV 102.5 MPH)
Bottom of the 1st over - 0 runs, 0 hits, 0 errors, 0 left on base; Clearwater 0 - Wilmington 0
TOP OF THE 2ND
Clearwater Threshers batting - Pitching for Wilmington Blue Rocks : RHP Andrew Tipton
Batting: RHB Fletcher Easter 0-0: Ball
1-0: Ball
2-0: Called Strike
2-1: Foul Ball, location: 2F
2-2: Ball
3-2: Foul Ball, location: 2F
3-2: Strikes out swinging
Batting: RHB Mark Schultz 0-0: SINGLE (Line Drive, 89S, EV 111.9 MPH)
Batting: SHB Benjamin Brown 0-0: Called Strike
0-1: Foul Ball, location: 2F
0-2: Ball
1-2: Strikes out swinging
Batting: RHB Kyle Reilly 0-0: Ball
Mark Schultz is caught stealing 2nd base 2-4
Top of the 2nd over - 0 runs, 1 hit, 0 errors, 0 left on base; Clearwater 0 - Wilmington 0
BOTTOM OF THE 2ND
Wilmington Blue Rocks batting - Pitching for Clearwater Threshers : LHP Phuck II
Batting: SHB Jarrod Lindblad 0-0: Foul Ball, location: 2F
0-1: Ball
1-1: Foul Ball, location: 2F
1-2: Ball
2-2: Foul Ball, location: 2F
2-2: Ball
3-2: Ground out 4-3 (Groundball, 4, EV 109.4 MPH)
Batting: LHB Josh Moore 0-0: Ball
1-0: Foul Ball, location: 2F
1-1: Ball
2-1: Ball
3-1: Foul Ball, location: 2F
3-2: Foul Ball, location: 2F
3-2: Foul Ball, location: 2F
3-2: SOLO HOME RUN (Line Drive, 89XD, EV 113.1 MPH), Distance : 411 ft
Batting: RHB Josh Gordon 0-0: Ball
1-0: Swinging Strike
1-1: Foul Ball, location: 2F
1-2: Ball
2-2: Strikes out swinging
Batting: RHB Ken Postlethwaite 0-0: Ball
1-0: Called Strike
1-1: Ball
2-1: Ball
3-1: Base on Balls
Batting: RHB Andy Urquhart 0-0: Ball
1-0: Ball
2-0: Swinging Strike
Passed Ball!
Ken Postlethwaite to second
2-1: Ball
3-1: Ground out 6-3 (Groundball, 6, EV 88.8 MPH)
Bottom of the 2nd over - 1 run, 1 hit, 0 errors, 1 left on base; Clearwater 0 - Wilmington 1
TOP OF THE 3RD
Clearwater Threshers batting - Pitching for Wilmington Blue Rocks : RHP Andrew Tipton
Batting: RHB Kyle Reilly 0-0: Called Strike
0-1: Called Strike
0-2: Ball
1-2: Strikes out looking
Batting: LHB Josh George 0-0: Foul Ball, location: 2F
0-1: Ball
1-1: Swinging Strike
1-2: Strikes out looking
Pitching: RHP Alex Sanders
Batting: LHB Osamu Kubo 0-0: Ball
1-0: DOUBLE (Line Drive, 8RD, EV 101.9 MPH)
Batting: RHB Alberto Ramirez 0-0: Ball
1-0: Foul Ball, location: 2F
1-1: Ball
2-1: SINGLE (Line Drive, 89S, EV 89.4 MPH)
Osamu Kubo to third
Runner from 3rd tries for Home, throw by RF and OUT! 9-2
Top of the 3rd over - 0 runs, 2 hits, 0 errors, 1 left on base; Clearwater 0 - Wilmington 1
BOTTOM OF THE 3RD
Wilmington Blue Rocks batting - Pitching for Clearwater Threshers : LHP Phuck II
Batting: RHB Matt Tittle 0-0: Foul Ball, location: 2F
0-1: Ball
1-1: Ball
2-1: Foul Ball, location: 2F
2-2: Strikes out swinging
Batting: RHB Yi-lin Niu 0-0: Called Strike
0-1: Ball
1-1: Ball
2-1: Ball
3-1: Ground out 6-3 (Groundball, 6, EV 101.9 MPH)
Batting: RHB Justin Bonner 0-0: Ball
1-0: Ball
2-0: Ball
3-0: Base on Balls
Batting: RHB Taisei Fujii 0-0: Called Strike
0-1: Ball
1-1: Ball
2-1: Fly out, F6 (Popup, P, EV 83.8 MPH)
Bottom of the 3rd over - 0 runs, 0 hits, 0 errors, 1 left on base; Clearwater 0 - Wilmington 1
TOP OF THE 4TH
Clearwater Threshers batting - Pitching for Wilmington Blue Rocks : RHP Alex Sanders
Batting: RHB Josh Hensley 0-0: Ball
1-0: Called Strike
1-1: Ground out 4-3 (Groundball, 34, EV 106.3 MPH)
Batting: RHB Chris Pounds 0-0: Ball
1-0: Ball
2-0: Ball
3-0: Base on Balls
Batting: RHB Fletcher Easter 0-0: Ball
1-0: Called Strike
1-1: Foul Ball, location: 2F
1-2: Grounds into double play, 5-4-3 (Groundball, 5S, EV 87.5 MPH)
Top of the 4th over - 0 runs, 0 hits, 0 errors, 0 left on base; Clearwater 0 - Wilmington 1
BOTTOM OF THE 4TH
Wilmington Blue Rocks batting - Pitching for Clearwater Threshers : LHP Phuck II
Batting: SHB Jarrod Lindblad 0-0: Called Strike
0-1: Foul Ball, location: 2F
0-2: Fly out, F5 (Popup, 56S, EV 70.0 MPH)
Batting: LHB Josh Moore 0-0: DOUBLE (Line Drive, 8RD, EV 111.9 MPH)
Batting: RHB Josh Gordon 0-0: Reached via error on a dropped throw from 1B, E1 (Groundball, 34, EV 87.5 MPH)
Josh Moore to third
Batting: RHB Ken Postlethwaite 0-0: Ball
1-0: Called Strike
1-1: Bunted foul
1-2: Foul Ball, location: 2F
1-2: Foul Ball, location: 2F
1-2: Strikes out swinging
Pitching: LHP Josh Turner
Batting: RHB Andy Urquhart Pickoff Throw to First - Out! 1-3
Bottom of the 4th over - 0 runs, 1 hit, 1 error, 1 left on base; Clearwater 0 - Wilmington 1
TOP OF THE 5TH
Clearwater Threshers batting - Pitching for Wilmington Blue Rocks : RHP Alex Sanders
Pinch Hitting: LHB Danny Hill 0-0: Ball
1-0: Foul Ball, location: 2F
1-1: Ball
2-1: Ball
3-1: Called Strike
3-2: Base on Balls
Batting: SHB Benjamin Brown 0-0: Called Strike
0-1: Ball
1-1: Called Strike
Danny Hill is caught stealing 2nd base 2-6
1-2: Ball
2-2: Ball
3-2: Foul Ball, location: 2F
3-2: Foul Ball, location: 2F
3-2: Ground out 4-3 (Groundball, 34D, EV 106.9 MPH)
Pinch Hitting: LHB Chad Persaud 0-0: Called Strike
0-1: Called Strike
0-2: Ball
1-2: Ball
2-2: Strikes out swinging
Top of the 5th over - 0 runs, 0 hits, 0 errors, 0 left on base; Clearwater 0 - Wilmington 1
BOTTOM OF THE 5TH
Wilmington Blue Rocks batting - Pitching for Clearwater Threshers : LHP Josh Turner
Now at SS: Chris Myers
Now in LF: Danny Hill
Batting: RHB Andy Urquhart 0-0: Ball
1-0: Fly out, F8 (Flyball, 89XD, EV 112.5 MPH)
Batting: RHB Matt Tittle 0-0: Ball
1-0: Ground out 4-3 (Groundball, 4, EV 86.9 MPH)
Batting: RHB Yi-lin Niu 0-0: Ball
1-0: SINGLE (Groundball, 6D, EV 103.1 MPH)
Batting: RHB Justin Bonner 0-0: Called Strike
0-1: Ball
1-1: Foul Ball, location: 2F
1-2: Strikes out swinging
Bottom of the 5th over - 0 runs, 1 hit, 0 errors, 1 left on base; Clearwater 0 - Wilmington 1
TOP OF THE 6TH
Clearwater Threshers batting - Pitching for Wilmington Blue Rocks : RHP Alex Sanders
Batting: LHB Josh George 0-0: Foul Ball, location: 2F
0-1: Ball
1-1: Ball
2-1: Foul Ball, location: 2F
2-2: Foul Ball, location: 2F
2-2: Strikes out swinging
Batting: LHB Osamu Kubo 0-0: Called Strike
0-1: Ground out 4-3 (Groundball, 13, EV 85.6 MPH)
Pitching: LHP Joel Page
Batting: RHB Alberto Ramirez 0-0: Ball
1-0: Ball
2-0: Called Strike
2-1: Foul Ball, location: 2F
2-2: Strikes out swinging
Top of the 6th over - 0 runs, 0 hits, 0 errors, 0 left on base; Clearwater 0 - Wilmington 1
BOTTOM OF THE 6TH
Wilmington Blue Rocks batting - Pitching for Clearwater Threshers : LHP Josh Turner
Batting: RHB Taisei Fujii 0-0: Called Strike
0-1: Ball
1-1: Ball
2-1: Ground out 4-3 (Groundball, 4, EV 88.1 MPH)
Batting: SHB Jarrod Lindblad 0-0: Called Strike
0-1: Ball
1-1: Ball
2-1: Ball
3-1: Foul Ball, location: 2F
3-2: Ground out 4-3 (Groundball, 4, EV 78.8 MPH)
Batting: LHB Josh Moore 0-0: Called Strike
0-1: Ball
1-1: Ball
2-1: Foul Ball, location: 2F
2-2: Foul Ball, location: 2F
2-2: Ball
3-2: Foul Ball, location: 2F
3-2: Strikes out looking
Bottom of the 6th over - 0 runs, 0 hits, 0 errors, 0 left on base; Clearwater 0 - Wilmington 1
TOP OF THE 7TH
Clearwater Threshers batting - Pitching for Wilmington Blue Rocks : LHP Joel Page
Batting: RHB Josh Hensley 0-0: Foul Ball, location: 2F
0-1: Called Strike
0-2: Fly out, F8 (Flyball, 8LM, EV 91.9 MPH)
Batting: RHB Chris Pounds 0-0: Called Strike
0-1: Ball
1-1: Ball
2-1: Swinging Strike
2-2: Foul Ball, location: 2F
2-2: Foul Ball, location: 2F
2-2: Ball
3-2: Base on Balls
Batting: RHB Fletcher Easter 0-0: Swinging Strike
0-1: Grounds into double play, 5-4-3 (Groundball, 56, EV 90.6 MPH)
Top of the 7th over - 0 runs, 0 hits, 0 errors, 0 left on base; Clearwater 0 - Wilmington 1
BOTTOM OF THE 7TH
Wilmington Blue Rocks batting - Pitching for Clearwater Threshers : LHP Josh Turner
Pitching: RHP Nick Turner
Batting: RHB Josh Gordon 0-0: Ball
1-0: Ball
2-0: Ball
3-0: Called Strike
3-1: SINGLE (Groundball, 4D, EV 105.6 MPH)
Batting: RHB Ken Postlethwaite 0-0: Sac Bunt to 2R - play at first, batter OUT! 2-4
Josh Gordon to second
Batting: RHB Andy Urquhart 0-0: Ball
1-0: Foul Ball, location: 2F
1-1: Foul Ball, location: 2F
1-2: Foul Ball, location: 2F
1-2: Ball
2-2: Ground out 6-3 (Groundball, 6M, EV 107.5 MPH)
Josh Gordon to third
Batting: RHB Matt Tittle 0-0: Called Strike
0-1: Called Strike
0-2: Ball
1-2: Ball
2-2: Strikes out swinging
Bottom of the 7th over - 0 runs, 1 hit, 0 errors, 1 left on base; Clearwater 0 - Wilmington 1
TOP OF THE 8TH
Clearwater Threshers batting - Pitching for Wilmington Blue Rocks : LHP Joel Page
Pitching: RHP Brian Straub
Batting: LHB Danny Hill 0-0: Ball
1-0: Foul Ball, location: 2F
1-1: Foul Ball, location: 2F
1-2: Foul Ball, location: 2F
1-2: Foul Ball, location: 2F
1-2: Ball
2-2: Strikes out swinging
Batting: SHB Benjamin Brown 0-0: Reached on error, E6 (Groundball, 56, EV 88.8 MPH)
Pinch Hitting: SHB Lance Franklin 0-0: Called Strike
0-1: Ball
1-1: Ball
2-1: Foul Ball, location: 2F
2-2: Ball
3-2: Base on Balls
Batting: LHB Josh George 0-0: Called Strike
0-1: Foul Ball, location: 2F
0-2: Strikes out looking
Batting: LHB Osamu Kubo 0-0: Called Strike
0-1: Ball
1-1: Foul Ball, location: 2F
1-2: Ball
2-2: SINGLE (Line Drive, 89S, EV 101.3 MPH)
Benjamin Brown to third
Lance Franklin to second
Runner from 3rd tries for Home, SAFE, throw by RF to home
Batting: RHB Alberto Ramirez 0-0: Ball
1-0: Ball
Wild Pitch!
Lance Franklin to third
Osamu Kubo to second
2-0: Foul Ball, location: 2F
2-1: Called Strike
2-2: Strikes out swinging
Top of the 8th over - 1 run, 1 hit, 1 error, 2 left on base; Clearwater 1 - Wilmington 1
BOTTOM OF THE 8TH
Wilmington Blue Rocks batting - Pitching for Clearwater Threshers : RHP Nick Turner
Now at SS: Lance Franklin
Batting: RHB Yi-lin Niu 0-0: Called Strike
0-1: Ball
1-1: Swinging Strike
1-2: Ball
2-2: Foul Ball, location: 2F
2-2: Strikes out looking
Batting: RHB Justin Bonner 0-0: Foul Ball, location: 2F
0-1: Foul Ball, location: 2F
0-2: Ball
1-2: Strikes out swinging
Batting: RHB Taisei Fujii 0-0: Fly out, F7 (Flyball, 7S, EV 84.4 MPH)
Bottom of the 8th over - 0 runs, 0 hits, 0 errors, 0 left on base; Clearwater 1 - Wilmington 1
TOP OF THE 9TH
Clearwater Threshers batting - Pitching for Wilmington Blue Rocks : RHP Brian Straub
Pitching: RHP Austin Aubuchon
Batting: RHB Josh Hensley 0-0: Ball
1-0: Ball
2-0: Foul Ball, location: 2F
2-1: Ground out 5-3 (Groundball, 56S, EV 69.4 MPH)
Batting: RHB Chris Pounds 0-0: Called Strike
0-1: Called Strike
0-2: Ball
1-2: Ball
2-2: Foul Ball, location: 2F
2-2: Ball
3-2: Strikes out swinging
Batting: RHB Fletcher Easter 0-0: Ball
1-0: Ground out 6-3 (Groundball, 56, EV 108.1 MPH)
Top of the 9th over - 0 runs, 0 hits, 0 errors, 0 left on base; Clearwater 1 - Wilmington 1
BOTTOM OF THE 9TH
Wilmington Blue Rocks batting - Pitching for Clearwater Threshers : RHP Nick Turner
Batting: SHB Jarrod Lindblad 0-0: Ball
1-0: Called Strike
1-1: Foul Ball, location: 2F
1-2: Ball
2-2: Foul Ball, location: 2F
2-2: Ball
3-2: Base on Balls
Batting: LHB Josh Moore 0-0: Swinging Strike
0-1: Called Strike
0-2: Ball
1-2: Strikes out swinging
Batting: RHB Josh Gordon 0-0: Called Strike
0-1: Called Strike
0-2: Foul Ball, location: 2F
0-2: Ball
Jarrod Lindblad steals 2nd base (no throw)
1-2: Strikes out swinging
Batting: RHB Ken Postlethwaite 0-0: Ball
1-0: Called Strike
1-1: Ground out 5-3 (Groundball, 5L, EV 85.0 MPH)
Bottom of the 9th over - 0 runs, 0 hits, 0 errors, 1 left on base; Clearwater 1 - Wilmington 1
TOP OF THE 10TH
Clearwater Threshers batting - Pitching for Wilmington Blue Rocks : RHP Austin Aubuchon
Batting: LHB Danny Hill 0-0: Called Strike
0-1: Ball
1-1: Called Strike
1-2: Ball
2-2: Foul Ball, location: 2F
2-2: Ball
3-2: Foul Ball, location: 2F
3-2: Base on Balls
Batting: SHB Benjamin Brown 0-0: Called Strike
0-1: Bunted foul
0-2: Ground out U3 (Groundball, 34S, EV 87.5 MPH)
Danny Hill to second
Batting: SHB Lance Franklin 0-0: Intentional Walk
Batting: LHB Josh George 0-0: Foul Ball, location: 2F
0-1: Ball
1-1: Foul Ball, location: 2F
1-2: Strikes out swinging
Pitching: RHP Arturo Rojas
Batting: LHB Osamu Kubo 0-0: Ball
1-0: Called Strike
1-1: Ball
2-1: Fly out, F8 (Flyball, 8LS, EV 86.3 MPH)
Top of the 10th over - 0 runs, 0 hits, 0 errors, 2 left on base; Clearwater 1 - Wilmington 1
BOTTOM OF THE 10TH
Wilmington Blue Rocks batting - Pitching for Clearwater Threshers : RHP Nick Turner
Pitching: RHP Jeremy Mitchem
Batting: RHB Andy Urquhart 0-0: Swinging Strike
0-1: Foul Ball, location: 2F
0-2: Ball
1-2: Foul Ball, location: 2F
1-2: Ball
2-2: Ball
3-2: Foul Ball, location: 2F
3-2: SINGLE (Line Drive, 9S, EV 98.1 MPH)
Pinch Hitting: SHB Jason Anaya 0-0: Called Strike
Andy Urquhart is caught stealing 2nd base 2-6
0-1: Ball
1-1: Foul Ball, location: 2F
1-2: Strikes out swinging
Batting: RHB Yi-lin Niu 0-0: Called Strike
0-1: Ball
1-1: Ground out 2-3 (Groundball, 2R, EV 67.5 MPH)
Bottom of the 10th over - 0 runs, 1 hit, 0 errors, 0 left on base; Clearwater 1 - Wilmington 1
TOP OF THE 11TH
Clearwater Threshers batting - Pitching for Wilmington Blue Rocks : RHP Arturo Rojas
Now at 1B: Jason Anaya
Batting: RHB Alberto Ramirez 0-0: Ball
1-0: Fly out, F4 (Popup, 4M, EV 63.8 MPH)
Batting: RHB Josh Hensley 0-0: Called Strike
0-1: Foul Ball, location: 2F
0-2: Ball
1-2: SINGLE (Line Drive, 7S, EV 92.5 MPH)
Batting: RHB Chris Pounds 0-0: Ball
1-0: Called Strike
1-1: Ball
2-1: Ball
3-1: Called Strike
3-2: Foul Ball, location: 2F
3-2: Foul Ball, location: 2F
3-2: Strikes out swinging
Batting: RHB Fletcher Easter 0-0: Ball
1-0: Called Strike
1-1: DOUBLE (Line Drive, 78D, EV 106.3 MPH)
Josh Hensley to third
Runner from 3rd tries for Home, SAFE, no throw by CF
Batting: LHB Danny Hill 0-0: Intentional Walk
Batting: SHB Benjamin Brown 0-0: Called Strike
0-1: Fly out, F8 (Flyball, 8RS, EV 96.9 MPH)
Top of the 11th over - 1 run, 2 hits, 0 errors, 2 left on base; Clearwater 2 - Wilmington 1
BOTTOM OF THE 11TH
Wilmington Blue Rocks batting - Pitching for Clearwater Threshers : RHP Jeremy Mitchem
Batting: RHB Justin Bonner 0-0: Called Strike
0-1: Ball
1-1: Swinging Strike
1-2: Foul Ball, location: 2F
1-2: Foul Ball, location: 2F
1-2: Strikes out looking
Batting: RHB Taisei Fujii 0-0: Foul Ball, location: 2F
0-1: Ball
1-1: Swinging Strike
1-2: Strikes out looking
Batting: SHB Jarrod Lindblad 0-0: Called Strike
0-1: Called Strike
0-2: Strikes out swinging
Bottom of the 11th over - 0 runs, 0 hits, 0 errors, 0 left on base; Clearwater 2 - Wilmington 1
Thursday, March 31st , 2022 - OOTP Baseball 22.12 Build 89